 Dungeon Crawl Stone Soup version 0.30-a0-782-ge64f9170bb (webtiles) character file.

Game seed: 11411289932248920809

4 PLAYERX the Nimble (level 1, -1/20 HPs)
             Began as a Gnoll Wanderer on Feb 18, 2023.
             Slain by a hobgoblin (3 damage)
             ... on level 1 of the Dungeon.
             The game lasted 00:00:12 (34 turns).

PLAYERX the Nimble (Gnoll Wanderer)                   Turns: 34, Time: 00:00:12

Health: -1/20      AC:  5    Str: 14    XL:     1   Next: 60%
Magic:  6/6        EV: 13    Int: 10    God:
Gold:   0          SH:  0    Dex:  9    Spells: 8/9 levels left

rFire   . . .      SeeInvis .    a - +0 club
rCold   . . .      Faith    .    (no shield)
rNeg    . . .      Spirit   .    d - +2 leather armour
rPois   .          Reflect  .    (no helmet)
rElec   .          Harm     .    (no cloak)
rCorr   .          Rampage  .    (no gloves)
Will    .....                    (no boots)
Stlth   +                        (no amulet)
HPRegen 0.23/turn                (no ring)
MPRegen 0.10/turn                (no ring)

@: no status effects
A: fangs 1, strong nose, distributed training
a: no special abilities


You were on level 1 of the Dungeon.
You visited 1 branch of the dungeon, and saw 1 of its levels.

Inventory:

Hand Weapons
 a - a +0 club (weapon)
Armour
 d - a +2 leather armour (worn)
Scrolls
 b - a scroll of fog
Potions
 c - a potion of attraction


   Skills:
 + Level 4.4 Fighting
 + Level 0.1 Short Blades
 + Level 0.1 Long Blades
 + Level 0.1 Axes
 + Level 0.1 Maces & Flails
 + Level 0.1 Polearms
 + Level 0.1 Staves
 + Level 0.1 Ranged Weapons
 + Level 0.1 Throwing
 + Level 2.4 Armour
 + Level 8.4 Dodging
 + Level 0.1 Stealth
 + Level 0.1 Shields
 + Level 0.1 Unarmed Combat
 + Level 4.9 Spellcasting
 + Level 0.1 Conjurations
 + Level 0.1 Hexes
 + Level 0.1 Summonings
 + Level 0.1 Necromancy
 + Level 0.1 Translocations
 + Level 0.1 Transmutations
 + Level 0.1 Fire Magic
 + Level 0.1 Ice Magic
 + Level 0.1 Air Magic
 + Level 0.1 Earth Magic
 + Level 2.0 Poison Magic
 + Level 0.2 Invocations
 + Level 0.1 Evocations


You had 8 spell levels left.
You knew the following spells:

 Your Spells              Type           Power      Damage    Failure   Level
a - Sting                 Tmut/Pois      16%        1d3       19%         1

Your spell library contained the following spells:

 Spells                   Type           Power      Damage    Failure   Level
 Mephitic Cloud           Conj/Pois/Air  3%         N/A       54%         3


Dungeon Overview and Level Annotations

Branches:
Dungeon (1/15)

Altars:


Innate Abilities, Weirdness & Mutations

You have very sharp teeth.
Your uncanny sense of smell can sniff out nearby items.
Your experience applies equally to all skills.


Message History

The bat is moderately wounded.
The bat hits you but does no damage. x2; The bat misses you.
The bat hits you but does no damage. The bat barely misses you.
The jackal barely misses you. The hobgoblin closely misses you.
The rat barely misses you.
You closely miss the jackal. The bat hits you. The bat barely misses you. x2
The bat completely misses you. The hobgoblin misses you.
The rat barely misses you. The bat hits you but does no damage. x2
You hit the jackal.
The jackal is heavily wounded.
The bat closely misses you. The bat hits you. The bat barely misses you.
The jackal barely misses you. The hobgoblin barely misses you.
The rat barely misses you. The bat closely misses you.
The jackal completely misses you. The jackal barely misses you.
The hobgoblin closely misses you. The rat closely misses you.
You hit the jackal.
You kill the jackal!
The bat hits you but does no damage. x2; The jackal closely misses you.
The rat bites you.
* * * LOW HITPOINT WARNING * * *
The hobgoblin hits you.
* * * LOW HITPOINT WARNING * * *
The bat misses you. The jackal bites you.
* * * LOW HITPOINT WARNING * * *
Your Poison Magic skill increases to level 2!
You barely miss the bat.
The bat is moderately wounded.
The bat misses you. The bat closely misses you. The bat misses you.
The bat hits you but does no damage. The jackal barely misses you.
The rat twitches its whiskers.
The rat closely misses you. The hobgoblin closely misses you.
The bat barely misses you. The bat hits you but does no damage. x2
The jackal closely misses you.
You hit the bat.
The bat is severely wounded.
The bat hits you but does no damage. x3; The bat barely misses you.
The rat bites you but does no damage. The hobgoblin closely misses you.
The jackal bites you but does no damage.
The rat misses you. The hobgoblin hits you.
You die...

.....?.......#
.............#
.$..........)#
.............#
....(........#
.......bb....#
.....bJgr....#
.....b†@.....#
......h......#####
#############....#
#..##.# #.###.....
#..#######
##.######
#...##### #
####..###.##


You could see an endoplasm, a jackal, a hobgoblin, 4 bats and a rat.

Vanquished Creatures
  2 endoplasms (D:1)
  A jackal (D:1)
3 creatures vanquished.

Notes
Turn   | Place    | Note
-------+----------+-------------------------------------------
     0 | D:1      | PLAYERX the Gnoll Wanderer began the quest for the Orb.
     0 | D:1      | PLAYERX set off with the following items: a +0 club, a
                  | scroll of fog, a potion of attraction, a +2 leather armour;
                  | and the following spell memorised: Sting; and the following
                  | spells available to memorise: Mephitic Cloud.
     0 | D:1      | Reached XP level 1. HP: 20/20 MP: 6/6
    32 | D:1      | HP: 1/20 [jackal (1)]
    34 | D:1      | Slain by a hobgoblin

Illustrated notes

Levels and vault maps discovered:
D:1:      spicycebolla_green_bress_n_ham_2, layout_basic

Skill      XL: |  1 |
---------------+----+-----
Poison Magic   | 2 |  2.0
Fighting       | |  4.4
Short Blades   | |  0.1
Long Blades    | |  0.1
Axes           | |  0.1
Maces & Flails | |  0.1
Polearms       | |  0.1
Staves         | |  0.1
Ranged Weapons | |  0.1
Throwing       | |  0.1
Armour         | |  2.4
Dodging        | |  8.4
Stealth        | |  0.1
Shields        | |  0.1
Unarmed Combat | |  0.1
Spellcasting   | |  4.9
Conjurations   | |  0.1
Hexes          | |  0.1
Summonings     | |  0.1
Necromancy     | |  0.1
Translocations | |  0.1
Transmutations | |  0.1
Fire Magic     | |  0.1
Ice Magic      | |  0.1
Air Magic      | |  0.1
Earth Magic    | |  0.1
Invocations    | |  0.2
Evocations     | |  0.1

Action                     || total
---------------------------++-------
  Melee: Club              ||    17
         Punch             ||     1
 Armour: Leather armour    ||    21
  Dodge: Dodged            ||    51

Table legend: (Time is in decaauts)
 A = Elapsed time spent in this place.
 B = Non-inter-level travel time spent in this place.
 C = Inter-level travel time spent in this place.
 D = Time resting spent in this place.
 E = Time spent auto-exploring this place.
 F = Levels seen in this place.
 G = Mean time per level.
                   A        B        C        D        E       F      G
               +--------+--------+--------+--------+--------+-----+--------+
         Total |     38 |     38 |      0 |      0 |     10 |   1 |   38.0 |
       Dungeon |     38 |     38 |      0 |      0 |     10 |   1 |   38.0 |
               +--------+--------+--------+--------+--------+-----+--------+

Top non-repeatable levels by time:
     D:1: 38 daAuts
